 Dungeon Crawl Stone Soup version 0.28-a0-1404-g4df0f3684d (webtiles) character file.

Game seed: 17683526691019532071

53 HallandMoats the Skirmisher (level 3, -9/31 HPs)
             Began as a Ghoul Fighter on Jan 6, 2022.
             Mangled by an orc wizard (10 damage)
             ... on level 2 of the Dungeon.
             The game lasted 00:01:32 (1558 turns).

HallandMoats the Skirmisher (Ghoul Fighter)         Turns: 1558, Time: 00:01:33

Health: -9/31      AC:  7    Str: 19    XL:     3   Next: 87%
Magic:  2/2        EV:  9    Int:  3    God:
Gold:   85         SH:  4    Dex: 10    Spells: 2/2 levels left

rFire   . . .      SeeInvis .   b - +3 dagger
rCold   + . .      Faith    .   c - +0 buckler
rNeg    + + +      Spirit   .   i - +0 scale mail
rPois   ∞          Reflect  .   (no helmet)
rElec   .          Harm     .   (no cloak)
rCorr   .          Rampage  .   (no gloves)
Will    .....                   h - +0 pair of boots
Stlth   ..........              (no amulet)
HPRegen 0.00/turn               (no ring)
MPRegen 0.08/turn               (no ring)

@: mighty, inhibited regen
A: claws 1, cold resistance 1, negative energy resistance 3, inhibited
regeneration, torment resistance 2
a: no special abilities


You were on level 2 of the Dungeon.
You visited 1 branch of the dungeon, and saw 2 of its levels.

You collected 85 gold pieces.

Inventory:

Hand Weapons
 a - a +0 war axe
 b - a +3 dagger (weapon)
Armour
 c - a +0 buckler (worn)
 h - a +0 pair of boots (worn)
 i - a +0 scale mail (worn)
Scrolls
 e - a scroll of teleportation {unknown}
 g - a scroll of blinking {unknown}
Potions
 f - a potion of flight {unknown}


   Skills:
 + Level 3.5 Fighting
 * Level 2.2 Axes
 * Level 3.0 Armour
 * Level 1.2 Dodging
 * Level 3.0 Shields
 + Level 0.8 Invocations


You had 2 spell levels left.
You didn't know any spells.
Your spell library contained the following spells:

 Spells                   Type           Power      Damage    Failure   Level
 Blink                    Tloc           0%         N/A       98%         2
 Conjure Flame            Conj/Fire      0%         6-21      100%        3
 Ignite Poison            Fire/Tmut/Pois 0%         N/A       100%        3
 Sticky Flame             Conj/Fire      0%         2d3       100%        4
 Manifold Assault         Tloc           0%         N/A       100%        5
 Storm Form               Tmut/Air       Unusable   N/A       N/A         7

Dungeon Overview and Level Annotations

Branches:
Dungeon (2/15)

Altars:


Innate Abilities, Weirdness & Mutations

You thrive by killing the living.
You are immune to poison.
You have sharp fingernails.
Your flesh is cold resistant. (rC+)
You are immune to negative energy. (rN+++)
You do not regenerate when monsters are visible.
You are immune to unholy pain and torment.


Message History

You climb downwards.
The orc wizard casts a spell at you.
You are confused.
The orc wizard completely misses you.
There is a stone staircase leading up here.
You bump into the rock wall.
The orc wizard hits you but does no damage.
You are electrocuted!
You bump into the rock wall.
The orc wizard hits you but does no damage.
You barely miss the orc wizard. The orc wizard barely misses you.
The orc wizard gestures at you while chanting.
The puff of flame misses you.
You feel less confused.
The orc wizard gestures at you while chanting.
The magic dart hits you.
The orc wizard points at you and mumbles some strange words.
You are confused.
You bump into the rock wall.
You're too confused to move!
The orc wizard barely misses you.
You hit the orc wizard but do no damage.
The orc wizard hits you but does no damage.
You hit the orc wizard.
The orc wizard is moderately wounded.
The orc wizard hits you but does no damage.
You are electrocuted!
* * * LOW HITPOINT WARNING * * *
You closely miss the orc wizard.
The orc wizard is lightly wounded.
The orc wizard closely misses you.
You're too confused to move!
You feel less confused.
The orc wizard hits you but does no damage.
You closely miss the orc wizard.
The orc wizard is lightly wounded.
You block the orc wizard's attack.
You feel very mighty all of a sudden.
The orc wizard hits you but does no damage.
You are electrocuted!
You die...

# .# #. #.# #..
#.# #...######
#.# #...(.@o.#
#.###
#......###<# ....
#.####.###.####.#
#.........o{.#
.#.####.###o.# #.
#.# #..# .# #.#
#........ # #.#
#.####### #.# ...


You could see an orc wizard.

Vanquished Creatures
  An orc wizard (D:1)
  2 orcs (D:1)
  2 ball pythons (D:1)
  2 endoplasms (D:1)
  3 giant cockroaches (D:1)
  A hobgoblin (D:1)
  2 quokkas (D:1)
  2 bats (D:1)
  A frilled lizard (D:1)
  3 goblins (D:1)
  3 kobolds (D:1)
22 creatures vanquished.

Notes
Turn   | Place    | Note
-------+----------+-------------------------------------------
     0 | D:1      | HallandMoats the Ghoul Fighter began the quest for the Orb.
     0 | D:1      | Reached XP level 1. HP: 19/19 MP: 0/0
   216 | D:1      | Reached XP level 2. HP: 26/26 MP: 1/1
  1157 | D:1      | Reached XP level 3. HP: 31/31 MP: 2/2
  1313 | D:1      | Reached skill level 1 in Dodging
  1554 | D:2      | HP: 1/31 [orc wizard (15)]
  1558 | D:2      | Mangled by an orc wizard

Illustrated notes

Levels and vault maps discovered:
D:1:      co_arrival_random_square_maze, layout_basic, minmay_tetromino_s2
D:2:      layout_loops_cross, chequers_ecumenical_altar_twisty

Skill      XL: |  1  2  3 |
---------------+----------+-----
Axes           | 2 |  2.2
Armour         | 3 |  3.0
Dodging        | 1 |  1.2
Shields        | 3 |  3.0
Fighting       | |  3.5
Invocations    | |  0.8

Action                   || total
-------------------------++-------
Melee: War axe           ||    36
       Dagger            ||    52
  Use: Potion            ||     1
Armor: Scale mail        ||    61
Dodge: Dodged            ||    49
Block: Buckler           ||    19

Table legend: (Time is in decaauts)
 A = Elapsed time spent in this place.
 B = Non-inter-level travel time spent in this place.
 C = Inter-level travel time spent in this place.
 D = Time resting spent in this place.
 E = Time spent auto-exploring this place.
 F = Levels seen in this place.
 G = Mean time per level.
                   A        B        C        D        E       F      G
               +--------+--------+--------+--------+--------+-----+--------+
         Total |   1578 |   1554 |     24 |    288 |   1027 |   2 |  789.0 |
       Dungeon |   1578 |   1554 |     24 |    288 |   1027 |   2 |  789.0 |
               +--------+--------+--------+--------+--------+-----+--------+

Top non-repeatable levels by time:
     D:1: 1537 daAuts
     D:2: 41 daAuts
